AoeStats
← hdf

Arabia

509851984Analyzed
1v1 RM · 4d ago on Sep 28, 2026· 50m 4s· 2 players
Game mode
Random Map
Map size
Tiny (2 player)
Population
200
Speed
Normal
Resources
Standard
Victory
Conquest
Starting age
Dark Age
Ending age
Imperial Age
RankedLock teamsTeams togetherTeam positionsShared explorationLock speedFull tech treeHidden civsTurbo modeCheats
Victory
Defeat
🇸🇪 Japanese · Sweden
945
+17
🇩🇪 Saxons · Germany
969
-17
rob
3:28 Loom
10:38 Feudal Age
10:43 Man-at-Arms
12:38 Double-Bit Axe
14:09 Wheelbarrow
14:55 Town Watch
21:39 Castle Age
20:45 Padded Archer Armor
20:55 Fletching
22:34 Forging
22:24 Scale Mail Armor
21:48 Long Swordsman
21:59 Crossbowman
23:30 Scale Mail Armor
24:22 Thumb Ring
28:29 Stone Mining
28:50 Bodkin Arrow
29:09 Gold Mining
30:35 Chain Mail Armor
31:13 Squires
32:50 Iron Casting
32:25 Gambesons
33:31 Arson
33:57 Bow Saw
33:50 Horse Collar
36:14 Leather Archer Armor
37:33 Heavy Plow
42:10 Imperial Age
40:07 Yasama
40:42 Ballistics
40:51 Masonry
41:59 Guard Tower
43:15 Kataparuto
44:23 Two-Man Saw
44:22 Keep
44:49 Chemistry
45:20 Hoardings
45:38 Arrowslits
46:27 Hand Cart
49:21 Siege Engineers
48:50 Two-Handed Swordsman
49:56 Elite Samurai
hdf
5:16 Loom
11:54 Feudal Age
15:42 Fletching
20:50 Castle Age
21:36 Scale Mail Armor
21:46 Forging
28:56 Chain Mail Armor
30:59 Iron Casting
36:23 Horse Collar
36:30 Double-Bit Axe
37:16 Squires
41:57 Imperial Age
41:19 Wheelbarrow
41:38 Bow Saw
42:37 Shield Wall
44:43 Plate Mail Armor
Connection lost

Rejoining the realm…

Still unreachable

The connection could not be restored.

Session expired

The server has moved on; the page needs a fresh start.